TOP OF THE 1ST |
---|
Balzac Rams batting - Pitching for San Diego Smashers : RHP Tony Fullerton | Pitching: RHP Tony Fullerton | | Batting: SHB Emílio Calvillo | 0-0: Ball 1-0: Bunted foul 1-1: Called Strike 1-2: Ball 2-2: Foul Ball, location: 2F 2-2: Foul Ball, location: 2F 2-2: Foul Ball, location: 2F 2-2: Strikes out swinging | Batting: RHB Santiago Rivera | 0-0: Called Strike 0-1: Foul Ball, location: 2F 0-2: Strikes out swinging | Batting: RHB Ken Longoria | 0-0: Called Strike 0-1: Ball 1-1: Ground out 6-3 (Groundball, 6) | Top of the 1st over - 0 runs, 0 hits, 0 errors, 0 left on base; Balzac 0 - San Diego 0 | BOTTOM OF THE 1ST |
---|
San Diego Smashers batting - Pitching for Balzac Rams : LHP Miguel Muñíz | Pitching: LHP Miguel Muñíz | | Batting: RHB Manny Torrez | 0-0: Foul Ball, location: 2F 0-1: Foul Ball, location: 2F 0-2: Ball 1-2: Foul Ball, location: 2F 1-2: Ball 2-2: Ball 3-2: Strikes out swinging | Batting: RHB Gustavo Torres | 0-0: Foul Ball, location: 2F 0-1: Ball 1-1: Swinging Strike 1-2: Foul Ball, location: 2F 1-2: Foul Ball, location: 2F 1-2: Foul Ball, location: 2F 1-2: Foul Ball, location: 2F 1-2: Strikes out swinging | Batting: RHB Fred Ameris | 0-0: DOUBLE (Flyball, 78D) | Batting: LHB Steven Smith | 0-0: Ball 1-0: Ball 2-0: Ball 3-0: Base on Balls | Batting: RHB Gerald Davis | 0-0: Ball 1-0: Ball 2-0: Ball 3-0: Called Strike 3-1: Base on Balls Fred Ameris to third Steven Smith to second | Batting: LHB Richard Brooks | 0-0: Called Strike 0-1: Swinging Strike 0-2: Ball 1-2: Strikes out swinging | Bottom of the 1st over - 0 runs, 1 hit, 0 errors, 3 left on base; Balzac 0 - San Diego 0 | TOP OF THE 2ND |
---|
Balzac Rams batting - Pitching for San Diego Smashers : RHP Tony Fullerton | Batting: LHB Carlos Romero | 0-0: Called Strike 0-1: Ball 1-1: Foul Ball, location: 2F 1-2: Strikes out swinging | Batting: LHB Troy Jackson | 0-0: Called Strike 0-1: Reached via error on a dropped throw, E3 | Batting: LHB Rodney Harrison | 0-0: Ball 1-0: Called Strike 1-1: Foul Ball, location: 2F 1-2: Strikes out swinging | Batting: RHB Brian Parks | 0-0: Fly out, F6 (Popup, 6) | Top of the 2nd over - 0 runs, 0 hits, 1 error, 1 left on base; Balzac 0 - San Diego 0 | BOTTOM OF THE 2ND |
---|
San Diego Smashers batting - Pitching for Balzac Rams : LHP Miguel Muñíz | Batting: RHB Dave King | 0-0: Ball 1-0: Called Strike 1-1: Foul Ball, location: 2F 1-2: SINGLE (Groundball, 4MD) | Batting: RHB Ron Garrett | 0-0: Ball 1-0: Ball 2-0: Foul Ball, location: 2F 2-1: Ball 3-1: Swinging Strike 3-2: Strikes out looking | Batting: SHB Michael Aisher | 0-0: Ball 1-0: Called Strike 1-1: Swinging Strike 1-2: Ball 2-2: Ball 3-2: Base on Balls Dave King to second | Batting: RHB Manny Torrez | 0-0: SINGLE (Groundball, 5D) Dave King to third Michael Aisher to second Runner from 3rd tries for Home, SAFE, no throw | Batting: RHB Gustavo Torres | 0-0: Called Strike 0-1: Foul Ball, location: 2F Error on foul ball, E2 0-2: Ball 1-2: Foul Ball, location: 2F 1-2: Strikes out looking | Batting: RHB Fred Ameris | 0-0: Fielders Choice at 2nd, 5-4 (Groundball, 56) | Bottom of the 2nd over - 1 run, 2 hits, 1 error, 2 left on base; Balzac 0 - San Diego 1 | TOP OF THE 3RD |
---|
Balzac Rams batting - Pitching for San Diego Smashers : RHP Tony Fullerton | Batting: RHB Bill Pike | 0-0: Ball 1-0: Foul Ball, location: 2F 1-1: Swinging Strike 1-2: Strikes out swinging | Batting: RHB Josh Baker | 0-0: Called Strike 0-1: Fly out, F7 (Flyball, 7LMF) | Batting: SHB Emílio Calvillo | 0-0: Fly out, F7 (Line Drive, 78M) | Top of the 3rd over - 0 runs, 0 hits, 0 errors, 0 left on base; Balzac 0 - San Diego 1 | BOTTOM OF THE 3RD |
---|
San Diego Smashers batting - Pitching for Balzac Rams : LHP Miguel Muñíz | Batting: LHB Steven Smith | 0-0: Foul Ball, location: 2F 0-1: Ball 1-1: Ground out 5-3 (Groundball, 56) | Batting: RHB Gerald Davis | 0-0: Ball 1-0: Foul Ball, location: 2F 1-1: Fly out, F9 (Flyball, 9) | Batting: LHB Richard Brooks | 0-0: Ball 1-0: Ball 2-0: SINGLE (Groundball, 34D) | Batting: RHB Dave King | 0-0: Called Strike 0-1: Ball 1-1: Ball 2-1: Called Strike 2-2: 2-RUN HOME RUN (Flyball, 9LD), Distance : 370 ft | Batting: RHB Ron Garrett | 0-0: Ball 1-0: Swinging Strike 1-1: Ball 2-1: SINGLE (Flyball, 8RS) | Batting: SHB Michael Aisher | 0-0: Swinging Strike 0-1: Ball 1-1: SINGLE (Groundball, 6MD) Ron Garrett to second Runner from 2nd tries for 3rd, SAFE, no throw | Batting: RHB Manny Torrez | 0-0: Ball 1-0: Ball 2-0: Ball 3-0: Base on Balls Michael Aisher to second | Batting: RHB Gustavo Torres | 0-0: Fielders Choice at 2nd, 5-4 (Groundball, 56) | Bottom of the 3rd over - 2 runs, 4 hits, 0 errors, 3 left on base; Balzac 0 - San Diego 3 | TOP OF THE 4TH |
---|
Balzac Rams batting - Pitching for San Diego Smashers : RHP Tony Fullerton | Batting: RHB Santiago Rivera | 0-0: Fly out, F6 (Flyball, 56D) | Batting: RHB Ken Longoria | 0-0: Swinging Strike 0-1: Ball 1-1: Swinging Strike 1-2: Foul Ball, location: 2F 1-2: Strikes out looking | Batting: LHB Carlos Romero | 0-0: Called Strike 0-1: Ball 1-1: Swinging Strike 1-2: Ball 2-2: Ball 3-2: Strikes out swinging, 2-3 out at first. | Top of the 4th over - 0 runs, 0 hits, 0 errors, 0 left on base; Balzac 0 - San Diego 3 | BOTTOM OF THE 4TH |
---|
San Diego Smashers batting - Pitching for Balzac Rams : LHP Miguel Muñíz | Batting: RHB Fred Ameris | 0-0: Called Strike 0-1: Ground out 6-3 (Groundball, 6D) | Batting: LHB Steven Smith | 0-0: Called Strike 0-1: Foul Ball, location: 2F 0-2: Ball 1-2: Foul Ball, location: 2F 1-2: Ball 2-2: Strikes out swinging | Batting: RHB Gerald Davis | 0-0: Ball 1-0: Called Strike 1-1: Ball 2-1: SINGLE (Flyball, 9LM) | Pitching: LHP Edwin Parker | | Batting: LHB Richard Brooks | 0-0: Foul Ball, location: 2F 0-1: Ball 1-1: Ball 2-1: Ball 3-1: Called Strike 3-2: Base on Balls Gerald Davis to second | Batting: RHB Dave King | 0-0: Swinging Strike 0-1: Ball 1-1: Ball 2-1: Ball 3-1: Foul Ball, location: 2F 3-2: Base on Balls Gerald Davis to third Richard Brooks to second | Batting: RHB Ron Garrett | 0-0: Fly out, F9 (Flyball, 9D) | Bottom of the 4th over - 0 runs, 1 hit, 0 errors, 3 left on base; Balzac 0 - San Diego 3 | TOP OF THE 5TH |
---|
Balzac Rams batting - Pitching for San Diego Smashers : RHP Tony Fullerton | Batting: LHB Troy Jackson | 0-0: Called Strike 0-1: Foul Ball, location: 2F 0-2: Ball 1-2: Foul Ball, location: 2F 1-2: Foul Ball, location: 2F 1-2: SINGLE (Groundball, 34D) | Batting: LHB Rodney Harrison | 0-0: Called Strike 0-1: Ball 1-1: Grounds into double play, 5-4-3 (Groundball, 56) | Batting: RHB Brian Parks | 0-0: Swinging Strike 0-1: Foul Ball, location: 2F 0-2: Fly out, F5 (Line Drive, 5) | Top of the 5th over - 0 runs, 1 hit, 0 errors, 0 left on base; Balzac 0 - San Diego 3 | BOTTOM OF THE 5TH |
---|
San Diego Smashers batting - Pitching for Balzac Rams : LHP Edwin Parker | Batting: SHB Michael Aisher | 0-0: Fly out, F3 (Popup, 34S) | Batting: RHB Manny Torrez | 0-0: Ball 1-0: Ball 2-0: Ball 3-0: Called Strike 3-1: Fly out, F7 (Flyball, 78M) | Batting: RHB Gustavo Torres | 0-0: Ball 1-0: Foul Ball, location: 2F 1-1: Ball 2-1: DOUBLE (Line Drive, 78D) | Batting: RHB Fred Ameris | 0-0: Called Strike 0-1: SINGLE (Groundball, 34D) Gustavo Torres to third Runner from 3rd tries for Home, SAFE, no throw | Batting: LHB Steven Smith | 0-0: Called Strike 0-1: Foul Ball, location: 2F 0-2: Foul Ball, location: 2F Error on foul ball, E5 0-2: Ball 1-2: Foul Ball, location: 2F 1-2: Ball Fred Ameris steals 2nd base 2-2: Reached on error, E3 (Groundball, 34S) Fred Ameris to third | Batting: RHB Gerald Davis | 0-0: Ball 1-0: Foul Ball, location: 2F 1-1: Foul Ball, location: 2F 1-2: DOUBLE (Line Drive, 9LM) Fred Ameris scores Steven Smith to third | Batting: LHB Richard Brooks | 0-0: Called Strike 0-1: Called Strike 0-2: Ball 1-2: Ball 2-2: Ball 3-2: Base on Balls | Batting: RHB Dave King | 0-0: Ball 1-0: Ball 2-0: Ball 3-0: Called Strike 3-1: Foul Ball, location: 2F 3-2: Ground out 6-3 (Groundball, 6) | Bottom of the 5th over - 2 runs, 3 hits, 2 errors, 3 left on base; Balzac 0 - San Diego 5 | TOP OF THE 6TH |
---|
Balzac Rams batting - Pitching for San Diego Smashers : RHP Tony Fullerton | Batting: RHB Bill Pike | 0-0: Ball 1-0: Ball 2-0: Foul Ball, location: 2F 2-1: Called Strike 2-2: Fly out, F8 (Flyball, 8LD) | Batting: RHB Josh Baker | 0-0: Swinging Strike 0-1: Called Strike 0-2: Ball 1-2: Foul Ball, location: 2F 1-2: Strikes out swinging | Batting: SHB Emílio Calvillo | 0-0: Ground out 5-3 (Groundball, 5) | Top of the 6th over - 0 runs, 0 hits, 0 errors, 0 left on base; Balzac 0 - San Diego 5 | BOTTOM OF THE 6TH |
---|
San Diego Smashers batting - Pitching for Balzac Rams : LHP Edwin Parker | Batting: RHB Ron Garrett | 0-0: Ball 1-0: Ball 2-0: Called Strike 2-1: Ball 3-1: Base on Balls | Batting: SHB Michael Aisher | 0-0: Foul Ball, location: 2F 0-1: Ball 1-1: Ball 2-1: Called Strike 2-2: Ball 3-2: Foul Ball, location: 2F 3-2: Fly out, F9 (Flyball, 9D) | Batting: RHB Manny Torrez | 0-0: Called Strike 0-1: Fly out, F8 (Flyball, 8LM) | Batting: RHB Gustavo Torres | 0-0: Ball 1-0: SINGLE (Groundball, 25) (infield hit) Ron Garrett to second | Batting: RHB Fred Ameris | 0-0: Ball 1-0: Ball 2-0: Ball 3-0: Base on Balls Ron Garrett to third Gustavo Torres to second | Batting: LHB Steven Smith | 0-0: Ball 1-0: Called Strike 1-1: Foul Ball, location: 2F 1-2: Foul Ball, location: 2F 1-2: SINGLE (Groundball, 3) (infield hit) Ron Garrett scores Gustavo Torres to third Fred Ameris to second | Batting: RHB Gerald Davis | 0-0: Ball 1-0: DOUBLE (Line Drive, 7LD) Gustavo Torres scores Fred Ameris scores Steven Smith to third Runner from 3rd tries for Home, SAFE, no throw | Batting: LHB Richard Brooks | 0-0: Ball 1-0: Called Strike 1-1: Ball 2-1: Ball 3-1: Foul Ball, location: 2F 3-2: Fly out, F5 (Popup, 5SF) | Bottom of the 6th over - 4 runs, 3 hits, 0 errors, 1 left on base; Balzac 0 - San Diego 9 | TOP OF THE 7TH |
---|
Balzac Rams batting - Pitching for San Diego Smashers : RHP Tony Fullerton | Batting: RHB Santiago Rivera | 0-0: Ball 1-0: Ball 2-0: SOLO HOME RUN (Flyball, 7D), Distance : 349 ft | Batting: RHB Ken Longoria | 0-0: Fly out, F9 (Line Drive, 9) | Batting: LHB Carlos Romero | 0-0: Called Strike 0-1: Called Strike 0-2: Ball 1-2: Ball 2-2: Foul Ball, location: 2F 2-2: Strikes out swinging | Batting: LHB Troy Jackson | 0-0: Called Strike 0-1: Swinging Strike 0-2: Ball 1-2: Fly out, F8 (Flyball, 89XD) | Top of the 7th over - 1 run, 1 hit, 0 errors, 0 left on base; Balzac 1 - San Diego 9 | BOTTOM OF THE 7TH |
---|
San Diego Smashers batting - Pitching for Balzac Rams : LHP Edwin Parker | Batting: RHB Dave King | 0-0: Ground out 6-3 (Groundball, 6) | Batting: RHB Ron Garrett | 0-0: Ball 1-0: Fly out, F7 (Flyball, 7) | Batting: SHB Michael Aisher | 0-0: Ball 1-0: Ball 2-0: Ball 3-0: Called Strike 3-1: Base on Balls | Batting: RHB Manny Torrez | 0-0: Called Strike 0-1: Foul Ball, location: 2F 0-2: Foul Ball, location: 2F 0-2: Ball 1-2: Ball Michael Aisher steals 2nd base 2-2: Ball 3-2: Base on Balls | Batting: RHB Gustavo Torres | 0-0: Ball 1-0: Called Strike 1-1: Called Strike 1-2: Ball 2-2: Foul Ball, location: 2F 2-2: Foul Ball, location: 2F 2-2: Foul Ball, location: 2F 2-2: Ball 3-2: Base on Balls Michael Aisher to third Manny Torrez to second | Batting: RHB Fred Ameris | 0-0: Ball 1-0: Fly out, F8 (Flyball, 8RM) | Bottom of the 7th over - 0 runs, 0 hits, 0 errors, 3 left on base; Balzac 1 - San Diego 9 | TOP OF THE 8TH |
---|
Balzac Rams batting - Pitching for San Diego Smashers : RHP Tony Fullerton | Batting: LHB Rodney Harrison | 0-0: Called Strike 0-1: Fly out, F6 (Flyball, 6D) | Batting: RHB Brian Parks | 0-0: DOUBLE (Line Drive, 7LM) | Batting: RHB Bill Pike | 0-0: SINGLE (Groundball, 6MD) Brian Parks to third Runner from 3rd tries for Home, SAFE, throw made home | Batting: RHB Josh Baker | 0-0: Grounds into double play, 1-4-3 (Groundball, 15) | Top of the 8th over - 1 run, 2 hits, 0 errors, 0 left on base; Balzac 2 - San Diego 9 | BOTTOM OF THE 8TH |
---|
San Diego Smashers batting - Pitching for Balzac Rams : LHP Edwin Parker | Batting: LHB Steven Smith | 0-0: Called Strike 0-1: Ball 1-1: Fly out, F7 (Flyball, 78XD) | Batting: RHB Gerald Davis | 0-0: Called Strike 0-1: SINGLE (Line Drive, 4M) | Pitching: RHP Aaron Williams | | Batting: LHB Richard Brooks | 0-0: Fly out, F4 (Popup, 4S) | Batting: RHB Dave King | 0-0: Called Strike Gerald Davis steals 2nd base 0-1: Foul Ball, location: 2F 0-2: Ball 1-2: Strikes out swinging | Bottom of the 8th over - 0 runs, 1 hit, 0 errors, 1 left on base; Balzac 2 - San Diego 9 | TOP OF THE 9TH |
---|
Balzac Rams batting - Pitching for San Diego Smashers : RHP Tony Fullerton | Now at SS: Walt Rodgers | | Now in RF: Guillermo Deleón | | Batting: SHB Emílio Calvillo | 0-0: Fly out, F9 (Flyball, 9LM) | Batting: RHB Santiago Rivera | 0-0: Ball 1-0: Ball 2-0: Foul Ball, location: 2F 2-1: SINGLE (Line Drive, 7LS) | Batting: RHB Ken Longoria | 0-0: Ball 1-0: Reached via error on a dropped throw, E1 Santiago Rivera to second | Batting: LHB Carlos Romero | 0-0: Ball 1-0: Fly out, F8 (Flyball, 8RS) | Batting: LHB Troy Jackson | 0-0: Foul Ball, location: 2F 0-1: 3-RUN HOME RUN (Flyball, 9D), Distance : 391 ft | Batting: LHB Rodney Harrison | 0-0: SOLO HOME RUN (Flyball, 9D), Distance : 392 ft | Pitching: RHP Andre Huff | | Batting: RHB Brian Parks | 0-0: Ball 1-0: Called Strike 1-1: Ball 2-1: Foul Ball, location: 2F 2-2: Foul Ball, location: 2F 2-2: Foul Ball, location: 2F 2-2: SINGLE (Flyball, 89S) | Pitching: RHP Bobby Booker | | Batting: RHB Bill Pike | 0-0: Ball 1-0: Foul Ball, location: 2F 1-1: Swinging Strike 1-2: Strikes out swinging | Top of the 9th over - 4 runs, 4 hits, 1 error, 1 left on base; Balzac 6 - San Diego 9 | |